 Dungeon Crawl Stone Soup version 0.31-a0-431-g88bdf31460 (webtiles) character file.

Game seed: 949772757204389553

39801 randomguy2701 the Severer (level 13, -1/122 HPs)
             Began as a Minotaur Fighter on July 31, 2023.
             Was a High Priest of Okawaru.
             Slain by an 11-headed hydra (2 damage)
             ... on level 4 of the Lair of Beasts.
             The game lasted 00:33:22 (19368 turns).

randomguy2701 the Severer (Minotaur Fighter)       Turns: 19368, Time: 00:33:22

Health: -1/122     AC: 20    Str: 29    XL:     13   Next: 71%
Magic:  0/18       EV: 10    Int:  5    God:    Okawaru [*****.]
Gold:   1154       SH:  6    Dex: 15    Spells: 12/12 levels left

rFire   + . .        L - +4 hand axe
rCold   . . .        c - +0 buckler
rNeg    . . .        T - +1 plate armour {rF+}
rPois   .            (helmet restricted)
rElec   .            Y - scarf "Gecur" {harm, Dex+2}
rCorr   .            p - +0 pair of gloves
SInv    .            B - +0 pair of boots
Will    .....        S - amulet of guardian spirit Stlth
                     F - +6 ring of strength
HPRegen 0.40/turn    x - +4 ring of slaying
MPRegen 0.16/turn

%: harm (+30% outgoing, +20% incoming), guardian spirit
@: very slow
A: horns 2, retaliatory headbutt
a: Renounce Religion, Heroism, Finesse, Duel


You were on level 4 of the Lair of Beasts.
You worshipped Okawaru.
Okawaru was extremely pleased with you.
You visited 3 branches of the dungeon, and saw 17 of its levels.
You also visited: Bailey.

You collected 1154 gold pieces.

Inventory:

Hand Weapons
 a - a +0 war axe
 u - a +3 battleaxe of freezing
 L - a +4 hand axe (weapon)
 O - the +8 sling of Gyen {heavy, Contam rF+ MP+9}
   (You found it in a bailey)

   rF:        It protects you from fire.
   MP:        It affects your magic capacity (+9).
   Contam:    It causes magical contamination when unequipped.
Missiles
 M - 6 throwing nets
 W - a boomerang
 X - 6 javelins
Armour
 c - a +0 buckler (worn)
 p - a +0 pair of gloves (worn)
 A - the scarf of Weightlessness {shadows, Str-4 Dex+5}
   (You found it on level 3 of the Dungeon)

   Str:       It affects your strength (-4).
   Dex:       It affects your dexterity (+5).
 B - a +0 pair of boots (worn)
 K - an orb of guile
 T - a +1 plate armour of fire resistance (worn)
 Y - the scarf "Gecur" (worn) {harm, Dex+2}
   (Okawaru gifted it to you on level 2 of the Lair of Beasts)

   Dex:       It affects your dexterity (+2).
Jewellery
 n - a +4 ring of protection
 x - a +4 ring of slaying (right hand)
 C - a +5 ring of evasion
 F - a +6 ring of strength (left hand)
 N - a ring of ice
 S - an amulet of guardian spirit (around neck)
Wands
 b - a wand of polymorph (4)
 m - a wand of flame (29)
 E - a wand of paralysis (34)
 P - a wand of digging (3)
 V - a wand of light (5)
Scrolls
 g - a scroll of identify
 k - 2 scrolls of fear {unknown}
 l - 7 scrolls of fog
 q - 6 scrolls of teleportation {unknown}
 s - 2 scrolls of amnesia {unknown}
 v - 4 scrolls of vulnerability
 w - a scroll of revelation {unknown}
 y - a scroll of butterflies {unknown}
 G - 2 scrolls of enchant armour {unknown}
 H - 3 scrolls of enchant weapon {unknown}
 R - a scroll of immolation {unknown}
 Z - a scroll of torment {unknown}
Potions
 d - 2 potions of might
 e - 6 potions of curing
 f - 6 potions of lignification
 h - 4 potions of invisibility
 i - 2 potions of ambrosia {unknown}
 j - 3 potions of heal wounds
 o - a potion of attraction
 t - 2 potions of cancellation
 z - 4 potions of enlightenment
 D - 2 potions of berserk rage
 I - 5 potions of haste
 J - a potion of resistance
 Q - a potion of mutation
 U - a potion of brilliance


   Skills:
 + Level 13.5 Fighting
 + Level 15.7 Axes
 + Level 14.6 Armour
 + Level 4.7 Dodging
 - Level 1.4 Stealth
 + Level 9.3 Shields
 * Level 8.5 Invocations


You had 12 spell levels left.
You didn't know any spells.
Your spell library contained the following spells:

 Spells                   Type           Power      Damage    Failure   Level
 Sandblast                Erth           0%         2d4       98%         1
 Passwall                 Tmut/Erth      0%         N/A       99%         2
 Hailstorm                Conj/Ice       0%         3d3       100%        3
 Ozocubu's Armour         Ice            0%         N/A       100%        3
 Stone Arrow              Conj/Erth      0%         3d7       100%        3
 Metabolic Englaciation   Hex/Ice        0%         N/A       100%        5
 Chain Lightning          Conj/Air       0%         N/A       100%        9
 Fire Storm               Conj/Fire      0%         5d1       100%        9
 Shatter                  Erth           0%         3d5*      100%        9
 Summon Ice Beast         Ice/Summ       Unusable   N/A       N/A         4
 Simulacrum               Ice/Necr       Unusable   N/A       N/A         6

Dungeon Overview and Level Annotations

Branches:
Dungeon (12/15)            Temple (1/1) D:6            Lair (4/5) D:8
  Swamp (0/4) Lair:2        Snake (0/4) Lair:3          Orc (0/2) D:12
 Bailey (visited)
  Slime: Lair:4-5

Altars:
Ashenzari
Cheibriados
Dithmenos
Elyvilon
Fedhas
Gozag
Hepliaklqana
Kikubaaqudgha
Makhleb
Nemelex Xobeh
Okawaru
Qazlal
Ru
Sif Muna
Trog
Uskayaw
Vehumet
Wu Jian
Xom
Yredelemnul
Zin
The Shining One

Shops:
D:6 (   D:10 *

Annotations:
D:4 3 runed translucent doors, Gelion's ghost, amateur OpSh
D:7 2 transporters, innerfire43's ghost, novice DsMo


Innate Abilities, Weirdness & Mutations

You have a pair of horns on your head.
You reflexively headbutt those who attack you in melee.


Message History

The ten-headed hydra barely misses you. The ten-headed hydra bites you. x3
You block the ten-headed hydra's attack.
The ten-headed hydra bites you! The ten-headed hydra barely misses you.
You chop one of the ten-headed hydra's heads off!
The nine-headed hydra grows two more!
You slice the 11-headed hydra!!
The 11-headed hydra is almost dead.
You hit the plant.
Unknown command.
You completely miss the 11-headed hydra.
The 11-headed hydra is almost dead.
You hit the plant.
A nearby plant withers and dies.
The 11-headed hydra bites you but does no damage. x2
The 11-headed hydra closely misses you.
The 11-headed hydra bites you but does no damage. x4
The 11-headed hydra bites you!
The 11-headed hydra bites you but does no damage.
You block the 11-headed hydra's attack. x2
Your unstable footing causes you to fumble your attack.
The 11-headed hydra bites you but does no damage.
The 11-headed hydra bites you. x2; The 11-headed hydra bites you!
You block the 11-headed hydra's attack.
The 11-headed hydra bites you but does no damage.
The 11-headed hydra closely misses you.
The 11-headed hydra barely misses you. x2
The 11-headed hydra bites you but does no damage.
The 11-headed hydra bites you!
* * * LOW HITPOINT WARNING * * *
Your unstable footing causes you to fumble your attack.
Unknown command.
Your unstable footing causes you to fumble your attack.
The 11-headed hydra bites you.
* * * LOW HITPOINT WARNING * * *
The 11-headed hydra completely misses you.
The 11-headed hydra bites you!
* * * LOW HITPOINT WARNING * * *
The 11-headed hydra closely misses you. x3
The 11-headed hydra bites you but does no damage. x2
You block the 11-headed hydra's attack. The 11-headed hydra bites you!
* * * LOW HITPOINT WARNING * * *
The 11-headed hydra bites you.
You die...

#....#..#..........#
#....##..#......##..
#...........#####...
###......###..........
###........####......###
...............###.###
.....!....#.#......#
....P~.~..#.###...##
~~~.~~~@##### #####
P~P~~~~D# ~~P~P~P~#
~~~~PP~~~ ~≈≈P~P~~~
≈≈≈≈≈~P~♣♣ ≈≈≈≈≈~P~♣
≈≈≈≈≈≈~♣♣


You could see a 11-headed hydra.

Vanquished Creatures
  A dire elephant (Lair:2)
  Snorg (D:12)
  3 hydras
  A catoblepas (Lair:3)
  4 two-headed ogres
  2 boulder beetles (D:12)
  Urug (Lair:1)
  Sonja (Lair:2)
  Nergalle (Lair:2)
  Pikel (D:5)
  2 manticores (D:12)
  A salamander (Lair:3)
  17 elephants (Lair:2)
  2 black mambas (Lair:1)
  Joseph (D:7)
  2 gargoyles (D:12)
  4 cane toads (Lair:1)
  14 komodo dragons
  2 unseen horrors
  3 rime drakes
  5 trolls
  A polar bear (D:8)
  A tyrant leech (Lair:2)
  Grinder (D:3)
  A hornet (D:8)
  A shadow (D:11)
  A vampire (D:12)
  Sigmund (D:2)
  A spriggan (Lair:2)
  A wraith (D:10)
  16 yaks
  4 wyverns
  Grum (Bailey)
  Eustachio (D:4)
  A steam dragon (D:7)
  6 vampire mosquitoes
  7 water moccasins
  2 swamp worms (Lair:2)
  8 ice beasts
  4 orc warriors
  3 sky beasts
  4 black bears
  An ogre (D:6)
  19 wolves
  2 phantoms (D:5)
  4 centaurs
  2 lemures (D:5)
  5 kobold brigands
  13 bullfrogs
  3 scorpions
  9 gnoll sergeants
  8 wights
  8 killer bees
  5 howler monkeys
  4 lava snakes (Lair:3)
  4 jellies
  5 hounds
  5 orc priests
  9 gnoll boudas
  Jessica (D:2)
  Ijyb (D:3)
  6 iguanas
  7 orc wizards
  Robin (D:2)
  37 gnolls
  7 adders
  A shadow imp (D:5)
  A white imp (D:7)
  An ufetubus (D:6)
  5 worms
  A dart slug (D:4)
  41 orcs
  2 ball pythons (D:1)
  9 bats
  12 endoplasms
  5 giant cockroaches
  15 goblins
  12 hobgoblins
  6 quokkas
  3 frilled lizards
  25 kobolds
  12 rats
452 creatures vanquished.

Notes
Turn   | Place    | Note
-------+----------+-------------------------------------------
     0 | D:1      | randomguy2701 the Minotaur Fighter began the quest for the
                  | Orb.
     0 | D:1      | Reached XP level 1. HP: 19/19 MP: 0/0
   139 | D:1      | Reached XP level 2. HP: 25/27 MP: 1/1
   143 | D:1      | Reached skill level 3 in Axes
   288 | D:1      | Reached XP level 3. HP: 33/33 MP: 2/2
   357 | D:1      | Found a faded altar of an unknown god.
   601 | D:2      | Noticed Sigmund
   717 | D:2      | Noticed Jessica
   728 | D:2      | Killed Jessica
   729 | D:2      | Reached XP level 4. HP: 31/41 MP: 3/3
   801 | D:2      | Noticed Robin
   815 | D:2      | Killed Robin
   816 | D:2      | Reached skill level 4 in Axes
  1072 | D:2      | Noticed a black bear
  1080 | D:2      | Killed a black bear
  1081 | D:2      | Reached skill level 5 in Fighting
  1081 | D:2      | Reached skill level 1 in Dodging
  1081 | D:2      | Reached XP level 5. HP: 20/48 MP: 4/4
  1303 | D:3      | Noticed Ijyb
  1311 | D:3      | Killed Ijyb
  1312 | D:3      | Reached skill level 5 in Axes
  1474 | D:3      | Found a shadowy altar of Dithmenos.
  1507 | D:3      | Noticed Grinder
  1519 | D:3      | Paralysed by Grinder for 2 turns
  1604 | D:3      | HP: 2/48 [Grinder (2)]
  1608 | D:3      | Killed Grinder
  1609 | D:3      | Reached skill level 6 in Axes
  1609 | D:3      | Reached skill level 5 in Armour
  1609 | D:3      | Reached XP level 6. HP: 4/56 MP: 5/5
  2054 | D:3      | Identified the scarf of Weightlessness {shadows, Str-4
                  | Dex+5}
  2249 | D:3      | Found a shimmering altar of Xom.
  2478 | D:4      | Noticed Eustachio
  2494 | D:4      | Killed Eustachio
  2495 | D:4      | Reached XP level 7. HP: 28/61 MP: 6/6
  2715 | D:4      | Found a glowing drain.
  3018 | D:4      | Found a bloodstained altar of Trog.
  3116 | D:4      | Found a runed translucent gate.
  3116 | D:4      | Noticed Gelion's ghost (amateur OpSh)
  3117 | D:4      | Found a runed translucent gate.
  3117 | D:4      | Identified the +9 whip "Ylaestroa" {heavy, rC- rN+ Int+3
                  | Stlth+}
  3118 | D:4      | Found a runed translucent gate.
  3118 | D:4      | Identified the +6 chain mail "Gunaq" {Contam rN+ Int+5
                  | Slay+2}
  3168 | D:5      | Entered Level 5 of the Dungeon
  3322 | D:5      | Reached skill level 7 in Axes
  3414 | D:5      | Noticed Pikel
  3584 | D:5      | Killed Pikel
  3585 | D:5      | Reached skill level 8 in Axes
  3585 | D:5      | Reached XP level 8. HP: 47/70 MP: 7/7
  4001 | D:5      | Reached skill level 9 in Axes
  4001 | D:5      | Reached skill level 5 in Shields
  4827 | D:5      | Reached XP level 9. HP: 31/76 MP: 8/8
  5054 | D:6      | Reached skill level 10 in Axes
  5054 | D:6      | Reached skill level 1 in Stealth
  5437 | D:6      | Found Faumuci's Firing Range.
  5639 | D:6      | Found a staircase to the Ecumenical Temple.
  5647 | Temple   | Entered the Ecumenical Temple
  5654 | Temple   | Became a worshipper of Warmaster Okawaru
  6190 | D:2      | Killed Sigmund
  6330 | D:7      | Found a broken altar of Ashenzari.
  6855 | D:7      | Found a stormy altar of Qazlal.
  7044 | D:7      | Noticed Joseph
  7053 | D:7      | Killed Joseph
  7054 | D:7      | Reached skill level 11 in Axes
  7299 | D:7      | Found a transporter.
  7302 | D:7      | Noticed innerfire43's ghost (novice DsMo)
  7316 | D:7      | Found a transporter.
  7339 | D:7      | Reached * piety under Okawaru
  7705 | D:8      | Reached XP level 10. HP: 90/90 MP: 9/9
  7733 | D:8      | Reached skill level 1 in Invocations
  7746 | D:8      | Reached skill level 12 in Axes
  7750 | D:8      | Reached ** piety under Okawaru
  8325 | D:8      | Found a staircase to the Lair.
  8660 | D:9      | Found a blossoming altar of Fedhas.
  8831 | D:9      | Found an ornate altar of the Wu Jian Council.
  8937 | D:9      | Reached *** piety under Okawaru
  9028 | D:9      | Found a hazy altar of Hepliaklqana.
  9153 | D:9      | Reached skill level 13 in Axes
  9371 | D:10     | Entered Level 10 of the Dungeon
  9567 | D:10     | Found a glowing golden altar of the Shining One.
  9740 | D:10     | Found a basalt altar of Yredelemnul.
  9947 | D:10     | Noticed a two-headed ogre
  9961 | D:10     | Killed a two-headed ogre
  9962 | D:10     | Reached XP level 11. HP: 73/97 MP: 10/12
 10126 | D:10     | Found a flagged portal.
 10135 | Bailey   | Entered a bailey
 10171 | Bailey   | Reached **** piety under Okawaru
 10527 | Bailey   | Noticed Grum
 10549 | Bailey   | Killed Grum
 10794 | Bailey   | Reached skill level 10 in Armour
 10951 | Bailey   | Identified the +8 sling of Gyen {heavy, Contam rF+ MP+9}
 11319 | D:10     | Found Aiseol's Alliterative Armaments.
 11554 | D:11     | Noticed a two-headed ogre
 11652 | Lair:1   | Entered Level 1 of the Lair of Beasts
 11668 | Lair:1   | Reached skill level 10 in Fighting
 11674 | D:8      | HP: 4/99 [poisoned by a black mamba]
 12238 | Lair:1   | Reached skill level 5 in Invocations
 12334 | Lair:1   | Noticed Urug
 12349 | Lair:1   | Paralysed by Urug for 3 turns
 12355 | Lair:1   | Killed Urug
 12779 | Lair:1   | Reached ***** piety under Okawaru
 12780 | Lair:1   | Reached skill level 14 in Axes
 13472 | D:11     | Killed a two-headed ogre
 13765 | D:11     | Reached XP level 12. HP: 107/107 MP: 15/15
 13857 | D:11     | Received a gift from Okawaru
 13985 | D:11     | Noticed a two-headed ogre
 13993 | D:11     | Killed a two-headed ogre
 14340 | D:12     | Found a staircase to the Orcish Mines.
 14840 | D:12     | Noticed a boulder beetle
 14854 | D:12     | Killed a boulder beetle
 15046 | D:12     | Noticed Snorg
 15062 | D:12     | Killed Snorg
 15372 | D:12     | Noticed a boulder beetle
 15422 | D:12     | Killed a boulder beetle
 15483 | D:12     | Noticed a two-headed ogre
 15494 | D:12     | Killed a two-headed ogre
 16103 | Lair:2   | Received a gift from Okawaru
 16514 | Lair:2   | Noticed a four-headed hydra
 16532 | Lair:2   | Killed a 15-headed hydra
 16698 | Lair:2   | Noticed Sonja
 16726 | Lair:2   | Killed Sonja
 16841 | Lair:2   | Identified the scarf "Gecur" {harm, Dex+2} (Okawaru gifted
                  | it to you on level 2 of the Lair of Beasts)
 16841 | Lair:2   | Received a gift from Okawaru
 16872 | Lair:2   | Reached XP level 13. HP: 98/104 MP: 17/17
 16970 | Lair:2   | Noticed Nergalle
 16985 | Lair:2   | Killed Nergalle
 16986 | Lair:2   | Reached skill level 15 in Axes
 17853 | Lair:2   | Noticed a dire elephant
 17873 | Lair:2   | Killed a dire elephant
 17942 | Lair:2   | Found a staircase to the Swamp.
 18551 | Lair:3   | Received a gift from Okawaru
 18551 | Lair:3   | Found the +3 greatsling "Punk" {acid, rCorr}
 18736 | Lair:3   | Found a staircase to the Snake Pit.
 19368 | Lair:4   | HP: 1/122 [11-headed hydra (13)]
 19368 | Lair:4   | Slain by an 11-headed hydra

Illustrated notes

Levels and vault maps discovered:
D:1:      matt_arrival_refuge, layout_rooms, dilly_ecumenical_altar_fadedgnrine,
          patterned_corridor
D:2:      layout_loops_ring, minmay_diced_spiral, uniq_jessica, uniq_sigmund,
          uniq_robin
D:3:      layout_loops_ring, grunt_dithmenos_smoke, tgw_xom,
          kennysheep_generic_room_7, uniq_ijyb, uniq_grinder
D:4:      layout_rooms, mainiacjoe_overflow_tiny_flanked,
          gup_sewer_entry_bubbles, biasface_ghost_orc_armoury, uniq_eustachio
D:5:      layout_loops_ring, grunt_ministairs_15, uniq_pikel
D:6:      layout_loops_cross, temple_fountains, roderic_serpentine_path,
          nicolae_shop_firing_range
D:7:      layout_basic, evilmike_ruin_ashenzari,
          mainiacjoe_overflow_six_doors_small, gammafunk_ghost_stat_death,
          kennysheep_generic_room_6, uniq_joseph
D:8:      layout_basic, hellmonk_lair_entry_icy
D:9:      layout_gridville, mainiacjoe_overflow_swirl,
          fedhas_bush_and_centaur_altar, evilmike_butchery
D:10:     layout_stronghold, yredelemnul_altar_generic,
          nicolae_tso_swordbearing_angel, enter_bailey_4,
          monkooky_shop_alliterative
D:11:     layout_cave_pods
D:12:     nicolae_cairo_tiling_large, layout_basic,
          minmay_orc_entry_temple_small, uniq_snorg
Temple:   nicolae_temple_no_exploring_needed
Lair:1:   layout_regular_city, uniq_urug
Lair:2:   mu_elephants_graveyard, layout_misc_corridors,
          palyth_hydra_swamp_entry, enter_volcano_1, beast_lair_carwin_6,
          uniq_nergalle, uniq_sonja
Lair:3:   layout_cave_pods, nicolae_snake_entry_warm_welcome,
          serial_bayou_shore_b
Lair:4:   layout_big_grid, grunt_megastairs_2, serial_bayou_shore_a,
          lemuel_fruit_fields, lemuel_fruit_tree

Skill      XL: |  1  2  3  4  5  6  7  8  9 10 11 12 13 |
---------------+----------------------------------------+-----
Axes           | 3 4 6 8 9 11 13 14 15 | 15.7
Fighting       | 4 5 6 7 8 9 10 11 13 | 13.5
Armour         | 4 5 6 7 8 9 11 14 | 14.6
Dodging        | 1 2 3 4 |  4.7
Shields        | 4 5 6 7 8 9 |  9.3
Stealth        | 1 |  1.4
Invocations    | 3 5 7 8 |  8.5

Action                     |  1- 3 |  4- 6 |  7- 9 | 10-12 | 13-15 || total
---------------------------+-------+-------+-------+-------+-------++-------
  Melee: War axe           |    74 |   117 |   301 |    43 |       ||   535
         Headbutt          |    12 |    24 |    58 |   177 |    70 ||   341
         Hand axe          |       |       |       |   597 |   210 ||   807
 Invoke: Heroism           |       |       |       |    13 |     4 ||    17
         Finesse           |       |       |       |     1 |     1 ||     2
    Use: Scroll            |       |       |       |    10 |     4 ||    14
         Potion            |       |       |       |     2 |       ||     2
 Armour: Scale mail        |    38 |    62 |   130 |       |       ||   230
         Chain mail        |       |       |    27 |     7 |       ||    34
         Plate armour      |       |       |       |   292 |   107 ||   399
  Dodge: Dodged            |    35 |    44 |   153 |   229 |    73 ||   534
  Block: Buckler           |    22 |    28 |    58 |   187 |    54 ||   349

Table legend: (Time is in decaauts)
 A = Elapsed time spent in this place.
 B = Non-inter-level travel time spent in this place.
 C = Inter-level travel time spent in this place.
 D = Time resting spent in this place.
 E = Time spent auto-exploring this place.
 F = Levels seen in this place.
 G = Mean time per level.
                   A        B        C        D        E       F      G
               +--------+--------+--------+--------+--------+-----+--------+
         Total |  19229 |  17619 |   1610 |     97 |  14717 |  18 | 1068.3 |
       Dungeon |  13578 |  12161 |   1417 |      0 |  10246 |  12 | 1131.5 |
        Temple |     14 |      2 |     12 |      0 |      0 |   1 |   14.0 |
          Lair |   4582 |   4402 |    180 |     97 |   3683 |   4 | 1145.5 |
        Bailey |   1054 |   1054 |      0 |      0 |    787 |   1 | 1054.0 |
               +--------+--------+--------+--------+--------+-----+--------+

Top non-repeatable levels by time:
  Lair:2: 1892 daAuts
     D:5: 1497 daAuts
    D:12: 1481 daAuts
  Lair:1: 1382 daAuts
     D:3: 1310 daAuts
     D:8: 1288 daAuts
     D:6: 1224 daAuts
  Lair:3: 1176 daAuts
    D:10: 1165 daAuts
     D:2: 1155 daAuts
  Bailey: 1054 daAuts
     D:4: 1051 daAuts
     D:7: 986 daAuts
    D:11: 915 daAuts
     D:9: 829 daAuts
